 Dungeon Crawl Stone Soup version 0.22-a0-757-gdba82d8 (webtiles) character file.

61 Mamutox the Chopper (level 4, 0/52 HPs)
             Began as an Ogre Chaos Knight on July 16, 2018.
             Slain by a gnoll
             ... wielding a +0 flail
              (2 damage)
             ... on level 2 of the Dungeon.
             The game lasted 00:02:23 (1440 turns).

Mamutox the Chopper (Ogre Chaos Knight)             Turns: 1440, Time: 00:02:23

Health: 0/52       AC:  5    Str: 16    XL:     4   Next: 7%
Magic:  4/4        EV: 10    Int: 13    God:    Xom [..*...]
Gold:   34         SH:  0    Dex: 13    Spells: 3/3 levels left

rFire    . . .     SeeInvis .   a - +0 hand axe (chaos)
rCold    . . .     Gourm    .   (no shield)
rNeg     . . .     Faith    .   b - +2 robe
rPois    .         Spirit   .   (helmet restricted)
rElec    .         Reflect  .   (no cloak)
rCorr    .         Harm     .   (gloves unavailable)
MR       .....                  (boots unavailable)
Stlth    +.........             (no amulet)
HPRegen  0.17/turn              (no ring)
MPRegen  0.09/turn              (no ring)

@: no status effects
A: large, unfitting armour, antennae 1, agile 2, robust 1, tough skin 1
a: Renounce Religion


You were on level 2 of the Dungeon.
You worshipped Xom.
You were a toy of Xom.
You were hungry.

You visited 1 branch of the dungeon, and saw 2 of its levels.

You collected 34 gold pieces.

Inventory:

Hand Weapons
 a - a +0 hand axe of chaos (weapon)
Armour
 b - a +2 robe (worn)
Scrolls
 d - a scroll of enchant armour {unknown}
 f - 5 scrolls of identify {unknown}
Potions
 e - 2 potions of heal wounds {unknown}
 h - a potion of curing {unknown}
 i - a potion of might {unknown}
Comestibles
 c - a ration


   Skills:
 - Level 4.1 Fighting
 + Level 4.7 Axes
 - Level 2.1 Dodging


You had 3 spell levels left.
You didn't know any spells.
Your spell library was empty.

Dungeon Overview and Level Annotations

Branches:
Dungeon (2/15)

Altars:


Innate Abilities, Weirdness & Mutations

You are too large for most types of armour.
You have tough skin. (AC +1)
You have a pair of small antennae on your head.
You are very agile. (Dex +4)
You are robust. (+10% HP)


Message History

Your unstable footing causes you to fumble your attack.
The gnoll barely misses you.
Your unstable footing causes you to fumble your attack.
The gnoll hits you with a flail!
You hit the gnoll.
The gnoll flickers and vanishes!
Deactivating autopickup; reactivate with Ctrl-A.
Xom is amused.
Something hits you!
* * * LOW HITPOINT WARNING * * *
Your unstable footing causes you to fumble your attack.
The ground is no longer liquid beneath you.
Something hits you.
* * * LOW HITPOINT WARNING * * *
You barely miss something. You closely miss something. Something hits you!
* * * LOW HITPOINT WARNING * * *
There is a stone staircase leading up, spattered with blood here.
You barely miss something. Something hits you.
You die... "It was about time."

##.........
##..........
#...........
#...........
#...........
#....)......
#.).).....?.
#####).........
#....@{........
....#...#########
......### #...#
#... .... ....
...


There were no monsters in sight!

Vanquished Creatures
  3 gnolls (D:2)
  2 adders (D:1)
  2 bats (D:1)
  2 goblins
  3 hobgoblins (D:1)
  3 kobolds (D:1)
  3 rats (D:1)
18 creatures vanquished.

Notes
Turn   | Place    | Note
-------+----------+-------------------------------------------
     0 | D:1      | Mamutox the Ogre Chaos Knight began the quest for the Orb.
     0 | D:1      | Reached XP level 1. HP: 24/24 MP: 1/1
     2 | D:1      | XOM: harmless Hex miscast
    24 | D:1      | XOM: harmless Conj miscast
    32 | D:1      | XOM: silly message
   282 | D:1      | Reached XP level 2. HP: 23/32 MP: 2/2
  1185 | D:1      | Reached XP level 3. HP: 24/39 MP: 3/3
  1226 | D:1      | XOM: give mutations
  1226 | D:1      | Gained mutation: You are agile. (Dex +2) [Xom's grace]
  1226 | D:1      | Gained mutation: You are very agile. (Dex +4) [Xom's grace]
  1226 | D:1      | Gained mutation: You are robust. (+10% HP) [Xom's grace]
  1226 | D:1      | Gained mutation: You have a pair of small antennae on your head. [Xom's grace]
  1401 | D:2      | XOM: cast spell 'Alistair's Intoxication'
  1424 | D:2      | XOM: cast spell 'Leda's Liquefaction'
  1427 | D:2      | Reached XP level 4. HP: 30/52 MP: 4/4
  1438 | D:2      | HP: 2/52 [something (7)]
  1440 | D:2      | Slain by a gnoll

Vault maps used:
D:1:      dpeg_arrival_rooms_a
D:2:      nicolae_overflow_hidden_temple, uniq_robin, uniq_sigmund

Skill      XL: |  1  2 |
---------------+-------+-----
Axes           | 4 |  4.7
Fighting       | |  4.1
Dodging        | |  2.1

Action                   |  1- 3 |  4- 6 || total
-------------------------+-------+-------++-------
Melee: Hand axe          |    58 |     8 ||    66
 Stab: Paralysed         |     2 |       ||     2
  Eat: Chunk             |     1 |       ||     1
Armor: Robe              |    18 |       ||    18
Dodge: Dodged            |    27 |     3 ||    30

Table legend:
 A = Spawn XP
 B = Non-spawn XP
 C = Spawn XP percentage of total XP
 D = Spawn monster count
 E = Non-spawn monster count
 F = Spawn count percentage of total count
 G = Total turns spent on level
                    A         B        C        D         E        F      G
               +---------+---------+-------+---------+---------+-------+---------
         Total |       0 |      88 |   0.0 |       0 |      18 |   0.0 |  1440
               +---------+---------+-------+---------+---------+-------+---------
           D:1 |       0 |      44 |   0.0 |       0 |      14 |   0.0 |  1393
           D:2 |       0 |      44 |   0.0 |       0 |       4 |   0.0 |    47
               +---------+---------+-------+---------+---------+-------+---------
